[Event "ICC tourney 2523 (60 10)"]
[Site "Internet Chess Club"]
[Date "2021.04.17"]
[Round "2"]
[White "Bi, Lige:Bilige1103"]
[Black "DESHPANDE, KESHAV:keshavdesh"]
[Result "1-0"]
[ICCResult "Black checkmated"]
[WhiteElo "802"]
[BlackElo "259"]
[Opening "QGD: Marshall defense"]
[ECO "D06"]
[NIC "QP.08"]
[Time "13:17:09"]
[PlyCount "53"]
[TimeControl "3600+10"]

1. d4 d5 2. c4 Nf6 3. cxd5 Nxd5 4. e4 Nf6 5. Nc3 Nc6 6. Nf3 Bg4 7. Be3 e6
8. e5 Nd5 9. Nxd5 Qxd5 10. Be2 Bb4+ 11. Kf1 O-O 12. b3 Qe4 13. Bd3 Qd5 14.
Bxh7+ Kxh7 15. Ng5+ Kg8 16. Qxg4 Bc3 17. Qh5 Rfe8 18. Qxf7+ Kh8 19. Qh5+
Kg8 20. Qh7+ Kf8 21. Qh8+ Ke7 22. Qxg7+ Kd8 23. Rc1 Qb5+ 24. Kg1 Bb2 25.
Qf6+ Ne7 26. Nxe6+ Kd7 27. Rxc7# { Black checkmated } 1-0

[Event "ICC tourney 2523 (60 10)"]
[Site "Internet Chess Club"]
[Date "2021.04.17"]
[Round "2"]
[White "ENGI, DANIEL:BBDaniel"]
[Black "Han, Eleanor JA:EleanorH"]
[Result "0-1"]
[ICCResult "White resigns"]
[WhiteElo "523"]
[BlackElo "824"]
[Opening "Scandinavian (center counter) defense"]
[ECO "B01"]
[NIC "SD.01"]
[Time "13:16:42"]
[PlyCount "152"]
[TimeControl "3600+10"]

1. e4 d5 2. exd5 Qxd5 3. Nc3 Qa5 4. d4 Nf6 5. Nf3 c6 6. Bd3 Bg4 7. O-O e6
8. Bd2 Qc7 9. Ne4 Nxe4 10. Bxe4 Bd6 11. Qe1 Bxf3 12. Bxf3 Bxh2+ 13. Kh1 O-O
14. g3 Bxg3 15. fxg3 Qb6 16. Bc3 Nd7 17. Qe4 Nf6 18. Qh4 h6 19. Qf4 Rad8
20. Rad1 Qa6 21. g4 Qxa2 22. g5 hxg5 23. Qxg5 Nh7 24. Qg2 f6 25. Rg1 Rf7
26. Bh5 Re7 27. Rde1 Qd5 28. Bf3 Qg5 29. Bg4 f5 30. Bf3 Qh4+ 31. Qh2 Qxh2+
32. Kxh2 Nf6 33. Bd2 e5 34. Bg5 Rf8 35. dxe5 Ng4+ 36. Bxg4 Ref7 37. e6 fxg4
38. exf7+ Rxf7 39. Re8+ Kh7 40. Kg3 Rf3+ 41. Kxg4 Rf2 42. Kh5 Rh2+ 43. Bh4
g6+ 44. Kg5 Rxc2 45. Re7+ Kg8 46. Kxg6 Kf8 47. Kf6 Rxb2 48. Rg8+ Kxg8 49.
Re8+ Kh7 50. Bg3 Rg2 51. Re7+ Kh6 52. Bf4+ Kh5 53. Rh7+ Kg4 54. Rg7+ Kf3
55. Bg5 Ke4 56. Re7+ Kd5 57. Rxb7 Kc5 58. Rxa7 Rf2+ 59. Ke6 Re2+ 60. Kf5
Kc4 61. Ra4+ Kb5 62. Ra1 c5 63. Rb1+ Kc4 64. Rc1+ Kb4 65. Kf4 c4 66. Be7+
Rxe7 67. Rb1+ Kc3 68. Rc1+ Kd4 69. Kf5 Rc7 70. Rd1+ Kc5 71. Re1 c3 72. Re5+
Kb4 73. Re4+ Kb3 74. Ke6 c2 75. Re3+ Rc3 76. Rxc3+ Kxc3 { White resigns }
0-1

[Event "ICC tourney 2523 (60 10)"]
[Site "Internet Chess Club"]
[Date "2021.04.17"]
[Round "2"]
[White "LU, ARIANNA:ChessPandaLu"]
[Black "Skanda, Saurav:sauravs"]
[Result "1-0"]
[ICCResult "Black checkmated"]
[WhiteElo "439"]
[BlackElo "781"]
[Opening "Sicilian: Smith-Morra gambit"]
[ECO "B21"]
[NIC "SI.48"]
[Time "13:16:47"]
[PlyCount "157"]
[TimeControl "3600+10"]

1. e4 c5 2. d4 cxd4 3. c3 dxc3 4. Nxc3 Nc6 5. Nf3 e5 6. Bc4 h6 7. O-O Nf6
8. b3 Bc5 9. Bb2 O-O 10. Qd2 Bb4 11. Rfe1 Re8 12. a3 Ba5 13. b4 Bb6 14. Qd1
Ng4 15. Rf1 Nf6 16. h3 Nd4 17. Qd3 Nxf3+ 18. Qxf3 d6 19. Nd5 Nxd5 20. Bxd5
Rf8 21. a4 a6 22. a5 Ba7 23. Qg3 Be6 24. Bxb7 Rb8 25. Bxa6 Rxb4 26. Ba3
Rxe4 27. Kh1 Bc5 28. Bxc5 dxc5 29. Bb7 Re2 30. a6 Qb8 31. Qf3 Rb2 32. Rfb1
Rxb1+ 33. Rxb1 Qa7 34. Ra1 c4 35. Qe3 Qb8 36. Qb6 Bc8 37. Qb5 Bxb7 38. Qxb7
Qxb7 39. axb7 Rb8 40. Rb1 Kh7 41. Kg1 Kg6 42. Kf1 f6 43. Ke1 Kf5 44. Kd2 g5
45. Kc3 e4 46. Kxc4 Kf4 47. Kc3 f5 48. Kd2 h5 49. Ke2 g4 50. g3+ Kg5 51.
h4+ Kf6 52. Ke3 Ke5 53. Rb5+ Kd6 54. Rxf5 Rxb7 55. Rxh5 Rb3+ 56. Kxe4 Rb2
57. Rd5+ Ke6 58. Re5+ Kf6 59. Rg5 Rxf2 60. Rxg4 Rf5 61. Rf4 Rxf4+ 62. Kxf4
Kg6 63. g4 Kh6 64. Kf5 Kg7 65. h5 Kh6 66. Kf4 Kg7 67. g5 Kh7 68. h6 Kg6 69.
Kg4 Kh7 70. Kf5 Kg8 71. g6 Kh8 72. Kf6 Kg8 73. h7+ Kh8 74. g7+ Kxh7 75. Kf7
Kh6 76. g8=Q Kh5 77. Kf6 Kh4 78. Kf5 Kh5 79. Qh8# { Black checkmated } 1-0

[Event "ICC tourney 2523 (60 10)"]
[Site "Internet Chess Club"]
[Date "2021.04.17"]
[Round "2"]
[White "VADHER, DEVAJ MAYANK:DevajVadher"]
[Black "GALPERIN, BENJAMIN:BG1015"]
[Result "1-0"]
[ICCResult "Black checkmated"]
[WhiteElo "992"]
[BlackElo "748"]
[Opening "Giuoco Pianissimo: Italian four knights variation"]
[ECO "C55"]
[NIC "IG.01"]
[Time "13:16:41"]
[PlyCount "123"]
[TimeControl "3600+10"]

1. e4 e5 2. Nf3 Nc6 3. Bc4 Nf6 4. d3 Bc5 5. Nc3 d6 6. h3 h6 7. Be3 Nd4 8.
a3 a5 9. O-O O-O 10. Bxd4 exd4 11. Ne2 d5 12. exd5 Nxd5 13. Nexd4 Bxd4 14.
Nxd4 Bxh3 15. Qf3 Bxg2 16. Kxg2 c6 17. Bxd5 cxd5 18. Qg3 Ra6 19. Kh1 Rg6
20. Qh3 Re8 21. Rg1 Re5 22. f4 Re7 23. Rxg6 fxg6 24. Rg1 Qb6 25. Nb3 a4 26.
Qc8+ Kf7 27. Qc5 Qe6 28. Rg2 Qh3+ 29. Rh2 Qf1+ 30. Qg1 Qf3+ 31. Rg2 axb3
32. cxb3 g5 33. fxg5 hxg5 34. Qf2 g4 35. Qxf3+ gxf3 36. Rf2 Re1+ 37. Kh2
Re2 38. Kg1 Re1+ 39. Kh2 Re2 40. Kg1 Re1+ 41. Kh2 Re2 42. Kg1 Rxf2 43. Kxf2
g5 44. Kxf3 Kf6 45. b4 Kf5 46. a4 g4+ 47. Kg3 Kg5 48. b5 Kf5 49. a5 Ke5 50.
a6 bxa6 51. bxa6 Kd4 52. a7 Kxd3 53. a8=Q Ke4 54. b4 Ke5 55. b5 d4 56. b6
d3 57. b7 d2 58. b8=Q+ Kd4 59. Qa4+ Ke3 60. Qbb3+ Ke2 61. Qe4+ Kf1 62. Qd1#
{ Black checkmated } 1-0

[Event "ICC tourney 2523 (60 10)"]
[Site "Internet Chess Club"]
[Date "2021.04.17"]
[Round "3"]
[White "GERA, NEIL C:neilgera"]
[Black "SHAH, NIKHIL:NShah08"]
[Result "1-0"]
[ICCResult "Black checkmated"]
[WhiteElo "721"]
[BlackElo "890"]
[Opening "Scotch game"]
[ECO "C45"]
[NIC "SO.04"]
[Time "16:30:57"]
[PlyCount "55"]
[TimeControl "3600+10"]

1. e4 e5 2. Nf3 Nc6 3. d4 exd4 4. Nxd4 Qe7 5. Nxc6 Qxe4+ 6. Qe2 Qxe2+ 7.
Bxe2 dxc6 8. O-O Nf6 9. Nc3 Bd6 10. h3 Bf5 11. Re1 O-O 12. Bd3 Bxd3 13.
cxd3 Rfe8 14. Bd2 Rxe1+ 15. Rxe1 Re8 16. Ra1 Nd5 17. Nxd5 cxd5 18. d4 c6
19. Bc3 b6 20. a4 a5 21. g3 Bb4 22. Bxb4 axb4 23. b3 Re4 24. Rd1 c5 25.
dxc5 bxc5 26. Rxd5 c4 27. Rd8+ Re8 28. Rxe8# { Black checkmated } 1-0

[Event "ICC tourney 2523 (60 10)"]
[Site "Internet Chess Club"]
[Date "2021.04.17"]
[Round "3"]
[White "LI, RUI-XING:Ruixing"]
[Black "LERNER, MIRO LUNN:awesome122243"]
[Result "1-0"]
[ICCResult "Black checkmated"]
[WhiteElo "568"]
[BlackElo "741"]
[Opening "King's Indian: 6.Be2"]
[ECO "E91"]
[NIC "KI.19"]
[Time "16:31:11"]
[PlyCount "43"]
[TimeControl "3600+10"]

1. d4 Nf6 2. c4 g6 3. Nc3 Bg7 4. e4 d6 5. Nf3 O-O 6. Be2 Nbd7 7. O-O c6 8.
Be3 a6 9. Qd2 Ng4 10. Bf4 b5 11. h3 Ngf6 12. Bh6 bxc4 13. Bxc4 e6 14. Bd3
d5 15. e5 Nh5 16. g4 Bxh6 17. Qxh6 Ng7 18. Ng5 Re8 19. Qxh7+ Kf8 20. Qh8+
Ke7 21. Qxg7 Nf8 22. Qxf7# { Black checkmated } 1-0

[Event "ICC tourney 2523 (60 10)"]
[Site "Internet Chess Club"]
[Date "2021.04.17"]
[Round "3"]
[White "PLASSE, ANDREW:dplasse"]
[Black "SRINIVAS, AASHISH:aashish1212"]
[Result "1-0"]
[ICCResult "Black resigns"]
[WhiteElo "835"]
[BlackElo "676"]
[Opening "Petrov: Cozio (Lasker) attack"]
[ECO "C42"]
[NIC "RG.03"]
[Time "16:30:56"]
[PlyCount "59"]
[TimeControl "3600+10"]

1. e4 e5 2. Nf3 Nf6 3. Nxe5 d6 4. Nf3 Nxe4 5. Qe2 Qe7 6. d3 Nf6 7. Qxe7+
Bxe7 8. Nc3 O-O 9. Be2 Nc6 10. Be3 Rd8 11. O-O d5 12. d4 Ne4 13. Nb5 Bd6
14. Nxd6 Nxd6 15. Bg5 Re8 16. Bd3 Nb4 17. Rfe1 Bd7 18. Bf4 Bf5 19. Bxf5
Nxf5 20. Rxe8+ Rxe8 21. Rc1 Nxa2 22. Ra1 Nb4 23. Rxa7 Nxc2 24. Rxb7 Ncxd4
25. Rxc7 Nxf3+ 26. gxf3 Nh4 27. h3 Re1+ 28. Kh2 Nxf3+ 29. Kg3 Nd4 30. Rc8+
{ Black resigns } 1-0

[Event "ICC tourney 2523 (60 10)"]
[Site "Internet Chess Club"]
[Date "2021.04.17"]
[Round "3"]
[White "MISCHLER, HEIDI:SABHHMischler"]
[Black "Vesval, Emma:Latecutehat"]
[Result "1-0"]
[ICCResult "Black checkmated"]
[WhiteElo "831"]
[BlackElo "463"]
[Opening "Sicilian: Alapin's variation (2.c3)"]
[ECO "B22"]
[NIC "SI.46"]
[Time "16:31:00"]
[PlyCount "51"]
[TimeControl "3600+10"]

1. e4 c5 2. c3 Nc6 3. d4 e6 4. Nf3 d5 5. exd5 exd5 6. Bb5 Bd7 7. Bg5 Qb6 8.
Bxc6 Bxc6 9. Qe2+ Ne7 10. O-O f6 11. Bf4 cxd4 12. Nxd4 Bb5 13. Nxb5 a6 14.
Nc7+ Kd8 15. Nxa8 g5 16. Nxb6 gxf4 17. Re1 Nc6 18. Qe8+ Kc7 19. Nxd5+ Kd6
20. Qe6+ Kc5 21. b4+ Kb5 22. Nc7+ Kb6 23. Nd5+ Kb5 24. Qe2+ Ka4 25. Qc2+
Kb5 26. c4# { Black checkmated } 1-0

[Event "ICC tourney 2523 (60 10)"]
[Site "Internet Chess Club"]
[Date "2021.04.17"]
[Round "3"]
[White "LI, JIAMING:MingMing59"]
[Black "HOWE, WILEY:wileyhowe"]
[Result "0-1"]
[ICCResult "White checkmated"]
[WhiteElo "520"]
[BlackElo "700"]
[Opening "Four knights: Italian variation"]
[ECO "C47"]
[NIC "KP.06"]
[Time "16:31:57"]
[PlyCount "50"]
[TimeControl "3600+10"]

1. e4 e5 2. Nf3 Nc6 3. Nc3 Nf6 4. Bc4 Nxe4 5. Nxe4 d5 6. Bb5 dxe4 7. Nxe5
Qd6 8. Qh5 Be6 9. Bxc6+ bxc6 10. O-O g6 11. Qg5 Bg7 12. Ng4 O-O 13. Nf6+
Bxf6 14. Qxf6 Rfe8 15. d3 exd3 16. Bh6 Qf8 17. cxd3 Qxh6 18. Rfe1 Qg7 19.
Qf4 Qxb2 20. Rad1 Qb6 21. Re3 Bd5 22. Rxe8+ Rxe8 23. a4 Qa5 24. Ra1 Re1+
25. Rxe1 Qxe1# { White checkmated } 0-1

[Event "ICC tourney 2523 (60 10)"]
[Site "Internet Chess Club"]
[Date "2021.04.17"]
[Round "3"]
[White "SCHWEITZER, ANDREW HARRISON:mrandrew"]
[Black "Condon, Dylan:DeDeBoy"]
[Result "1-0"]
[ICCResult "Black checkmated"]
[WhiteElo "448"]
[BlackElo "685"]
[Opening "Scotch game"]
[ECO "C45"]
[NIC "SO.04"]
[Time "16:31:00"]
[PlyCount "73"]
[TimeControl "3600+10"]

1. e4 e5 2. Nf3 Nc6 3. d4 exd4 4. Nxd4 Nxd4 5. Qxd4 Nf6 6. Bg5 Be7 7. Bc4
Ng4 8. Bxe7 Qxe7 9. Bd3 Qh4 10. Nc3 O-O 11. g3 Qg5 12. f4 Qh6 13. h3 Nf6
14. O-O-O Nh5 15. Qe3 d6 16. g4 Nf6 17. g5 Qg6 18. gxf6 Qxf6 19. Rdg1 d5
20. Nxd5 Qe6 21. Nxc7 Qxa2 22. Nxa8 Qa1+ 23. Kd2 Qa5+ 24. c3 Bd7 25. Qg3 g6
26. h4 Rxa8 27. h5 Kf8 28. hxg6 fxg6 29. Rxh7 Be6 30. Rh8+ Bg8 31. Qxg6 Qa2
32. Qf6+ Ke8 33. Rhxg8+ Kd7 34. Qg7+ Kc6 35. Rg6+ Kc5 36. Qe5+ Qd5 37.
Qxd5# { Black checkmated } 1-0

[Event "ICC tourney 2523 (60 10)"]
[Site "Internet Chess Club"]
[Date "2021.04.17"]
[Round "3"]
[White "MUKHERJI, RAI:RaiChess"]
[Black "MAK, OLIVER CHAN:Oliver1004"]
[Result "0-1"]
[ICCResult "White checkmated"]
[WhiteElo "964"]
[BlackElo "736"]
[Opening "Giuoco Piano"]
[ECO "C50"]
[NIC "IG.02"]
[Time "16:31:04"]
[PlyCount "104"]
[TimeControl "3600+10"]

1. e4 e5 2. Nf3 Nc6 3. Bc4 Bc5 4. O-O d6 5. h3 Be6 6. Bb5 Qd7 7. Bxc6 Qxc6
8. Nc3 Nf6 9. d3 Qd7 10. Be3 Bb6 11. Bxb6 axb6 12. Ng5 O-O-O 13. Nxe6 fxe6
14. a4 Rdg8 15. a5 b5 16. a6 b6 17. a7 Kb7 18. Ra2 g5 19. Qa1 g4 20. a8=Q+
Rxa8 21. Rxa8 Rxa8 22. Qd1 gxh3 23. g3 h5 24. Ne2 h4 25. Kh2 hxg3+ 26. Nxg3
Qg7 27. Rg1 Ng4+ 28. Qxg4 Qxg4 29. Nh1 Qh4 30. Rg3 Rf8 31. Kg1 h2+ 32. Kg2
c5 33. Rg7+ Kc6 34. Rg3 Qf4 35. b3 Qd2 36. Kxh2 Qxc2 37. Kg1 c4 38. bxc4
bxc4 39. dxc4 Qxc4 40. Kg2 Qxe4+ 41. f3 Qe2+ 42. Kg1 Rxf3 43. Rxf3 Qxf3 44.
Ng3 Qxg3+ 45. Kh1 Qf3+ 46. Kg1 b5 47. Kh2 b4 48. Kg1 b3 49. Kh2 b2 50. Kg1
b1=Q+ 51. Kh2 Qb2+ 52. Kg1 Qd1# { White checkmated } 0-1

[Event "ICC tourney 2523 (60 10)"]
[Site "Internet Chess Club"]
[Date "2021.04.17"]
[Round "3"]
[White "VUCETIC, LUCA K:LucaV"]
[Black "Marshalleck, David T:LionsDavidM"]
[Result "0-1"]
[ICCResult "White checkmated"]
[WhiteElo "678"]
[BlackElo "833"]
[Opening "Queen's gambit declined"]
[ECO "D30"]
[NIC "QP.08"]
[Time "16:31:41"]
[PlyCount "74"]
[TimeControl "3600+10"]

1. d4 d5 2. c4 e6 3. c5 Nf6 4. e3 Nbd7 5. b4 e5 6. dxe5 Nxe5 7. Nf3 Nc6 8.
Nc3 Nxb4 9. Ba3 Nc6 10. Bb5 Bd7 11. O-O Bg4 12. Bxc6+ bxc6 13. h3 Bf5 14.
g4 Be4 15. Nxe4 Nxe4 16. Re1 Bxc5 17. Bxc5 Nxc5 18. Qd4 Ne6 19. Qd3 Nc5 20.
Qd4 Qd6 21. Qxg7 O-O-O 22. Qxf7 Rhf8 23. Qxh7 Rxf3 24. Qb1 Rxh3 25. Kf1 Qh2
26. Ke2 Qg3 27. Rg1 Qe5 28. g5 d4 29. Qb2 d3+ 30. Kd2 Qxb2+ 31. Kd1 Qc2+
32. Ke1 d2+ 33. Kf1 d1=Q+ 34. Rxd1 Qxd1+ 35. Kg2 Qg4+ 36. Kf1 Qf3 37. Rg3
Rd1# { White checkmated } 0-1

[Event "ICC tourney 2523 (60 10)"]
[Site "Internet Chess Club"]
[Date "2021.04.17"]
[Round "3"]
[White "WHELCHEL, EVAN:Ewhelchel"]
[Black "CHEW, ATTICUS:AtticusChew"]
[Result "1-0"]
[ICCResult "Black resigns"]
[WhiteElo "855"]
[BlackElo "642"]
[Opening "Ruy Lopez: Caro variation"]
[ECO "C70"]
[NIC "RL.09"]
[Time "16:31:08"]
[PlyCount "69"]
[TimeControl "3600+10"]

1. e4 e5 2. Nf3 Nc6 3. Bb5 a6 4. Ba4 b5 5. Bb3 Nf6 6. Nc3 Bc5 7. Nd5 O-O 8.
d3 h6 9. O-O d6 10. Nxf6+ Qxf6 11. Bd5 Bd7 12. c3 Be6 13. Bxc6 Rac8 14. Bb7
Rb8 15. Bxa6 d5 16. d4 exd4 17. cxd4 Bxd4 18. Qxd4 Qxd4 19. Nxd4 dxe4 20.
Nxe6 fxe6 21. Re1 Rb6 22. Rxe4 Rxa6 23. Be3 Rd8 24. Bf4 Ra7 25. Rxe6 Rxa2
26. Ree1 Rxb2 27. Bxc7 Rdd2 28. Bg3 b4 29. h3 b3 30. Be5 Rbc2 31. Rab1 b2
32. Bf4 Rxf2 33. Red1 Rxg2+ 34. Kh1 Rh2+ 35. Bxh2 { Black resigns } 1-0

[Event "ICC tourney 2523 (60 10)"]
[Site "Internet Chess Club"]
[Date "2021.04.17"]
[Round "3"]
[White "PINSKER, FLORENTINO:TinoPps281"]
[Black "FITZPATRICK, CONNOR:Savethegoats"]
[Result "1-0"]
[ICCResult "Black checkmated"]
[WhiteElo "773"]
[BlackElo "275"]
[Opening "Four knights: Italian variation"]
[ECO "C47"]
[NIC "KP.06"]
[Time "16:31:45"]
[PlyCount "81"]
[TimeControl "3600+10"]

1. e4 e5 2. Nf3 Nc6 3. Nc3 Nf6 4. Bc4 Bb4 5. d3 d6 6. h3 O-O 7. a3 Bc5 8.
Bg5 h6 9. Bxf6 Qxf6 10. Nd5 Qg6 11. Bb5 Bd7 12. Bxc6 Bxc6 13. Ne7+ Kh8 14.
Nxg6+ fxg6 15. b4 Bb6 16. a4 Bd7 17. a5 Bd4 18. Nxd4 exd4 19. O-O Rf4 20.
Qd2 g5 21. g3 Rf3 22. Kg2 Raf8 23. Qe2 g4 24. e5 gxh3+ 25. Kh2 Bc6 26. e6
R8f6 27. e7 Rg6 28. e8=Q+ Bxe8 29. Qxe8+ Kh7 30. Qe4 Rf6 31. f4 Re6 32. Qf3
h5 33. f5 Re3 34. fxg6+ Kxg6 35. Qf5+ Kh6 36. Qxh3 Re2+ 37. Kg1 Rxc2 38.
Qe6+ g6 39. Rf6 Rd2 40. Rxg6+ Kh7 41. Qg8# { Black checkmated } 1-0

[Event "ICC tourney 2523 (60 10)"]
[Site "Internet Chess Club"]
[Date "2021.04.17"]
[Round "3"]
[White "LIAO, ABBY:Abbyliao0216"]
[Black "SONI, ROHAN KAUL:rohanksoni"]
[Result "1-0"]
[ICCResult "Black checkmated"]
[WhiteElo "740"]
[BlackElo "374"]
[Opening "Four knights: Spanish variation"]
[ECO "C48"]
[NIC "KP.03"]
[Time "16:31:57"]
[PlyCount "75"]
[TimeControl "3600+10"]

1. e4 e5 2. Nf3 Nc6 3. Nc3 Nf6 4. Bb5 Bd6 5. O-O O-O 6. h3 a6 7. Bxc6 dxc6
8. d3 b5 9. d4 Qe8 10. Bg5 exd4 11. e5 Bxe5 12. Nxe5 Qxe5 13. Bxf6 Qxf6 14.
Ne4 Qg6 15. Ng3 Bf5 16. Qxd4 Bxc2 17. Rfe1 c5 18. Qxc5 Rfe8 19. Rec1 Bd3
20. Qxc7 h6 21. Rd1 Bc2 22. Rd7 Rac8 23. Qb7 Rb8 24. Qc7 Rbc8 25. Qb7 Rb8
26. Qd5 Qe6 27. Qd2 Bg6 28. Kh2 h5 29. Rd1 f6 30. f4 h4 31. Nf1 Bh5 32. g4
Bg6 33. f5 Qe5+ 34. Kh1 Qe4+ 35. Kg1 Bh7 36. g5 fxg5 37. Qxg5 Bxf5 38.
Qxg7# { Black checkmated } 1-0

[Event "ICC tourney 2523 (60 10)"]
[Site "Internet Chess Club"]
[Date "2021.04.17"]
[Round "3"]
[White "LUNA, LIAM:liamluna"]
[Black "yim, zachery Austin:KingZacAttack"]
[Result "0-1"]
[ICCResult "White checkmated"]
[WhiteElo "989"]
[BlackElo "777"]
[Opening "Sicilian: dragon, Yugoslav attack, 10.O-O-O"]
[ECO "B78"]
[NIC "SI.18"]
[Time "16:31:03"]
[PlyCount "112"]
[TimeControl "3600+10"]

1. e4 c5 2. Nf3 d6 3. d4 cxd4 4. Nxd4 Nf6 5. Nc3 g6 6. f3 Bg7 7. Be3 O-O 8.
Bc4 Nc6 9. Qd2 Bd7 10. O-O-O Rc8 11. h4 h5 12. Be2 a6 13. Rdg1 b5 14. g4
Rb8 15. gxh5 Nxh5 16. Bh6 Nxd4 17. Bxg7 Nxe2+ 18. Qxe2 Kxg7 19. f4 Nxf4 20.
Qf3 Nh5 21. Qxh5 Qc8 22. Qg5 b4 23. h5 bxc3 24. h6+ Kh7 25. bxc3 Qxc3 26.
Kd1 Rb1+ 27. Ke2 Qxc2+ 28. Kf3 Rxg1 29. Rxg1 Qd3+ 30. Kf4 Qd2+ 31. Kf3 Qd3+
32. Kg2 Qxe4+ 33. Kh2 Qe2+ 34. Rg2 Qh5+ 35. Qxh5 gxh5 36. Re2 Be6 37. a4
Kxh6 38. Rb2 Rd8 39. Rb6 d5 40. Rxa6 d4 41. Rc6 d3 42. Rc1 d2 43. Rd1 Bb3
44. Rxd2 Rxd2+ 45. Kg3 Bxa4 46. Kf4 Re2 47. Kf5 e5 48. Kf6 e4 49. Kxf7 Rf2+
50. Ke6 e3 51. Ke5 e2 52. Kd4 e1=Q 53. Kd3 Rd2+ 54. Kc3 Qc1+ 55. Kb4 Rb2+
56. Kxa4 Qa1# { White checkmated } 0-1

[Event "ICC tourney 2523 (60 10)"]
[Site "Internet Chess Club"]
[Date "2021.04.17"]
[Round "3"]
[White "NAGUMALLA, NIHAS:nihas204"]
[Black "LUZGIN, ELISEY:Elisey2011"]
[Result "1-0"]
[ICCResult "Black checkmated"]
[WhiteElo "711"]
[BlackElo "590"]
[Opening "King's pawn game"]
[ECO "C50"]
[NIC "IG.03"]
[Time "16:30:52"]
[PlyCount "83"]
[TimeControl "3600+10"]

1. e4 e5 2. Nf3 Nc6 3. Bc4 h6 4. d3 Nf6 5. Nc3 Bc5 6. O-O O-O 7. Qe2 d6 8.
h3 Bd7 9. Nh2 Nd4 10. Qd1 b5 11. Bd5 b4 12. Bxa8 bxc3 13. bxc3 Ne6 14. Bd5
Nxd5 15. exd5 Ng5 16. Qf3 Nxf3+ 17. Nxf3 c6 18. dxc6 Bxc6 19. d4 exd4 20.
cxd4 Bxd4 21. Nxd4 Ba8 22. Be3 Qd7 23. Nf3 g5 24. Nh2 Qb7 25. f3 g4 26.
hxg4 f5 27. Bxh6 Rf6 28. Bg5 Rg6 29. Bf4 fxg4 30. Rab1 Qc7 31. Nxg4 Rxg4
32. fxg4 Qc6 33. Rf3 Qxc2 34. Rbf1 Bxf3 35. Rxf3 Qd1+ 36. Kh2 Qe2 37. Bxd6
Qxa2 38. Kh3 Qb1 39. Kh4 a5 40. Kg5 a4 41. Kh6 Qb6 42. Rf8# { Black
checkmated } 1-0

[Event "ICC tourney 2523 (60 10)"]
[Site "Internet Chess Club"]
[Date "2021.04.17"]
[Round "3"]
[White "LEWIS, TROY:saphtroyl"]
[Black "Miner, Julian:julianminer"]
[Result "1-0"]
[ICCResult "Black checkmated"]
[WhiteElo "794"]
[BlackElo "236"]
[Opening "Queen's pawn: Chigorin variation"]
[ECO "D00"]
[NIC "QP.08"]
[Time "16:31:24"]
[PlyCount "45"]
[TimeControl "3600+10"]

1. d4 d5 2. Nc3 Bf5 3. Nf3 Nc6 4. e3 e5 5. dxe5 Bb4 6. Bb5 a6 7. Bxc6+ bxc6
8. O-O Nf6 9. exf6 O-O 10. fxg7 Re8 11. Nh4 Be6 12. Ne2 Bg4 13. h3 Bf5 14.
Nxf5 Re4 15. Neg3 Re5 16. Nh6+ Kxg7 17. Ngf5+ Rxf5 18. Nxf5+ Kf6 19. Ng3
Rb8 20. Qf3+ Kg7 21. Nh5+ Kh8 22. Qg4 Qe7 23. Qg7# { Black checkmated } 1-0

[Event "ICC tourney 2523 (60 10)"]
[Site "Internet Chess Club"]
[Date "2021.04.17"]
[Round "3"]
[White "VURAL, TAYGA:Tayga"]
[Black "CHEN, LUKE:lukeychen"]
[Result "1-0"]
[ICCResult "Black checkmated"]
[WhiteElo "811"]
[BlackElo "340"]
[Opening "Giuoco Piano"]
[ECO "C50"]
[NIC "IG.02"]
[Time "16:36:29"]
[PlyCount "61"]
[TimeControl "3600+10"]

1. e4 e5 2. Nf3 Nc6 3. Bc4 Bc5 4. d4 d6 5. dxc5 dxc5 6. Bxf7+ Kxf7 7. Nxe5+
Kf6 8. Nxc6 Qxd1+ 9. Kxd1 Bg4+ 10. f3 bxc6 11. fxg4 Rd8+ 12. Bd2 Ne7 13.
Rf1+ Ke6 14. Nc3 Nd5 15. exd5+ cxd5 16. Nb5 d4 17. Nxc7+ Kd7 18. Bg5 Rde8
19. Nxe8 Rxe8 20. Rf7+ Re7 21. Rxe7+ Kd6 22. Kd2 Kd5 23. Kd3 Kc6 24. Kc4
Kd6 25. h4 Kc6 26. Re6+ Kd7 27. Kd5 Kc7 28. Kxc5 Kb7 29. h5 Ka8 30. Kc6 Kb8
31. Re8# { Black checkmated } 1-0

[Event "ICC tourney 2523 (60 10)"]
[Site "Internet Chess Club"]
[Date "2021.04.17"]
[Round "3"]
[White "ENGI, DANIEL:BBDaniel"]
[Black "Bi, Lige:Bilige1103"]
[Result "0-1"]
[ICCResult "White checkmated"]
[WhiteElo "523"]
[BlackElo "802"]
[Opening "Sicilian"]
[ECO "B50"]
[NIC "SI.01"]
[Time "16:30:58"]
[PlyCount "80"]
[TimeControl "3600+10"]

1. e4 c5 2. Nf3 d6 3. Bc4 Nf6 4. d3 g6 5. Bg5 Bg7 6. O-O O-O 7. Qd2 Re8 8.
Bh6 Bh8 9. Ng5 e6 10. Nc3 Ng4 11. Nf3 Nxh6 12. Qxh6 Bg7 13. Qf4 a6 14. Ng5
Qe7 15. Nf3 b5 16. Bb3 Bd7 17. a3 Bc6 18. Qg5 Qxg5 19. Nxg5 h6 20. Nf3 Nd7
21. Rad1 b4 22. axb4 cxb4 23. Na4 Bxa4 24. Bxa4 Ra7 25. b3 Rc8 26. Bxd7
Rxd7 27. c4 bxc3 28. Rde1 c2 29. d4 Rdc7 30. Rc1 g5 31. e5 dxe5 32. dxe5 g4
33. Nd2 Bxe5 34. Nc4 Bf4 35. Nb6 Rb8 36. Nd7 Bxc1 37. Nxb8 Bf4 38. Nxa6 Rc8
39. Nb4 c1=Q 40. Rxc1 Rxc1# { White checkmated } 0-1

[Event "ICC tourney 2523 (60 10)"]
[Site "Internet Chess Club"]
[Date "2021.04.17"]
[Round "3"]
[White "MONSUR, NIRVANA:nirvana2020"]
[Black "FLORES, MILES GREGORIO  DOWSHEN :MilesFlores"]
[Result "1-0"]
[ICCResult "Black checkmated"]
[WhiteElo "915"]
[BlackElo "660"]
[Opening "Giuoco Piano"]
[ECO "C50"]
[NIC "IG.02"]
[Time "16:31:16"]
[PlyCount "57"]
[TimeControl "3600+10"]

1. e4 e5 2. Nf3 Nc6 3. Bc4 Bc5 4. O-O Nf6 5. Re1 O-O 6. a3 Ng4 7. Rf1 h6 8.
h3 Nf6 9. d3 d6 10. Nc3 Be6 11. Bxe6 fxe6 12. Re1 Re8 13. Nh4 Nxe4 14. Rxe4
Rf8 15. Nf3 Nd4 16. Nh2 Qf6 17. Be3 d5 18. Rg4 b6 19. Na4 Rab8 20. Rg3 Rb7
21. Qh5 Nf5 22. Rg6 Qf7 23. Nxc5 bxc5 24. Ng4 Nh4 25. Nxh6+ Kh8 26. Nxf7+
Kg8 27. Ng5 Nxg6 28. Qxg6 c6 29. Qh7# { Black checkmated } 1-0

[Event "ICC tourney 2523 (60 10)"]
[Site "Internet Chess Club"]
[Date "2021.04.17"]
[Round "3"]
[White "RODRIGUEZ, ANTHONY LORENZO:PlanetAntMan"]
[Black "Seigel, Shoshana:ShoshanaS"]
[Result "0-1"]
[ICCResult "White checkmated"]
[WhiteElo "579"]
[BlackElo "810"]
[Opening "King's pawn opening"]
[ECO "B07"]
[NIC "VO.17"]
[Time "16:31:55"]
[PlyCount "72"]
[TimeControl "3600+10"]

1. e4 d6 2. Nf3 Nf6 3. Nc3 g6 4. Bc4 Bg7 5. Ng5 O-O 6. Nxf7 Rxf7 7. Bxf7+
Kxf7 8. O-O Be6 9. h3 Nc6 10. d3 d5 11. exd5 Bxd5 12. Bg5 Ne5 13. Bxf6 Bxf6
14. d4 Nc4 15. Nxd5 Qxd5 16. c3 Nxb2 17. Qc2 Nc4 18. Qb3 b6 19. a4 a5 20.
Rfe1 e6 21. Re2 Re8 22. g4 c6 23. Rc1 e5 24. dxe5 Nxe5 25. Rd1 Qxb3 26.
Rde1 Qxc3 27. f4 Nf3+ 28. Kf2 Nxe1 29. Rxe8 Kxe8 30. Ke2 Nc2 31. Kf2 Qd3
32. Kg2 Qe3 33. Kh2 Qf3 34. Kg1 Bd4+ 35. Kh2 Qf2+ 36. Kh1 Qg1# { White
checkmated } 0-1